 Dungeon Crawl Stone Soup version 0.23.2-1-ga50397a6bc (webtiles) character file.

Game seed: 5911190049066568286

88 Foic the Sneak (level 4, 0/33 HPs)
             Began as a Vampire Assassin on May 14, 2019.
             Killed from afar by Natasha (3 damage)
             ... with a magic dart
             ... on level 2 of the Dungeon.
             The game lasted 00:05:41 (1017 turns).

Foic the Sneak (Vampire Assassin)                   Turns: 1017, Time: 00:05:42

Health: 0/33       AC:  3    Str: 10    XL:     4   Next: 30%
Magic:  4/4        EV: 13    Int: 13    God:
Gold:   59         SH:  0    Dex: 16    Spells: 3/3 levels left

rFire    . . .     SeeInvis +   a - +2 dagger
rCold    . . .     Gourm    .   (no shield)
rNeg     . . .     Faith    .   g - +0 robe
rPois    .         Spirit   .   (no helmet)
rElec    .         Reflect  .   d - +0 cloak
rCorr    .         Harm     .   (no gloves)
MR       .....                  (no boots)
Stlth    ++++......             (no amulet)
HPRegen  0.31/turn              (no ring)
MPRegen  0.09/turn              (no ring)

@: regenerating quickly
A: fangs 3, see invisible, unbreathing
a: no special abilities


You were on level 2 of the Dungeon.
You were full.

You visited 1 branch of the dungeon, and saw 2 of its levels.

You collected 59 gold pieces.

Inventory:

Hand Weapons
 a - a +2 dagger (weapon)
 b - a +0 blowgun
Missiles
 e - 30 poisoned needles
 h - 31 stones (quivered)
 i - 36 sling bullets
Armour
 d - a +0 cloak (worn)
 g - a +0 robe (worn)
Scrolls
 j - 3 scrolls of remove curse {unknown}
 k - a scroll of immolation {unknown}
 l - 4 scrolls of identify {unknown}
 m - a scroll of teleportation {unknown}
Potions
 c - 15 potions of blood


   Skills:
 + Level 2.0 Fighting
 + Level 2.8 Short Blades
 - Level 1.5 Throwing
 * Level 2.2 Dodging
 * Level 7.7 Stealth


You had 3 spell levels left.
You didn't know any spells.
Your spell library was empty.

Dungeon Overview and Level Annotations

Branches:
Dungeon (2/15)

Altars:

Annotations:
D:2 Natasha


Innate Abilities, Weirdness & Mutations

Your natural rate of healing is unusually fast.
You have razor-sharp teeth.
You have supernaturally acute eyesight. (SInv)
You can survive without breathing.


Message History

The magic dart hits you!
* * * LOW HITPOINT WARNING * * *
You barely miss Natasha.
Natasha is heavily wounded.
You closely miss Natasha.
Natasha is heavily wounded.
Natasha claws you but does no damage.
You hit Natasha but do no damage. Your bite misses Natasha.
Natasha is heavily wounded.
Natasha barely misses you.
You hit Natasha but do no damage.
Natasha is heavily wounded.
Natasha barely misses you.
You barely miss Natasha. Your bite misses Natasha.
Natasha is heavily wounded.
Natasha zaps a wand.
The puff of flame hits you.
* * * LOW HITPOINT WARNING * * *
Natasha casts a spell at you. The magic dart hits you.
You die...

..................##.#.#......
##............................
....##......................
.### #....(....#..#.###.....
...................#
.......)....##.....#
........h......†...#
............#......#
..........@........#
#...........##.....#
##.......#..##.....#
#..#....#.........#
#.##.#....##......# #.
#.#..#####.....# #.##.#
##....## .. ####..# ##†#


You could see Natasha.

Vanquished Creatures
  Natasha (D:2)
  An adder (D:2)
  2 worms
  A dart slug (D:1)
  2 leopard geckos (D:1)
  4 giant cockroaches
  2 goblins
  4 hobgoblins (D:1)
  9 jackals
  7 kobolds
  A ball python (D:2)
  2 frilled lizards (D:2)
  7 rats
43 creatures vanquished.

Notes
Turn   | Place    | Note
-------+----------+-------------------------------------------
     0 | D:1      | Foic the Vampire Assassin began the quest for the Orb.
     0 | D:1      | Reached XP level 1. HP: 16/16 MP: 1/1
    32 | D:1      | Reached skill level 6 in Stealth
   120 | D:1      | Reached XP level 2. HP: 21/22 MP: 2/2
   278 | D:1      | Reached skill level 7 in Stealth
   456 | D:1      | Reached XP level 3. HP: 25/27 MP: 3/3
   855 | D:2      | Noticed Natasha
   886 | D:2      | Killed Natasha
   886 | D:2      | Reached XP level 4. HP: 11/33 MP: 4/4
   999 | D:2      | Noticed Natasha
  1017 | D:2      | Killed from afar by Natasha

Skill      XL: |  1  2  3  4 |
---------------+-------------+-----
Stealth        | 6 7 |  7.7
Dodging        | 2 |  2.2
Fighting       | 2 |  2.0
Short Blades   | |  2.8
Throwing       | |  1.5

Action                   |  1- 3 |  4- 6 || total
-------------------------+-------+-------++-------
Melee: Dagger            |   134 |    21 ||   155
       Bite              |    19 |       ||    19
 Fire: Blowgun           |     4 |     5 ||     9
Throw: Stone             |     1 |     2 ||     3
  Use: Potion            |     6 |     1 ||     7
 Stab: Sleeping          |    10 |       ||    10
Armor: Robe              |    36 |     4 ||    40
Dodge: Dodged            |   103 |    16 ||   119
